 Dungeon Crawl Stone Soup version 0.16-a0-3820-g492871e (webtiles) character file.

59 kroki the Skirmisher (level 4, 0/36 HPs)
             Began as a Vine Stalker Berserker on Jan 28, 2015.
             Was a Follower of Trog.
             Slain by an adder (3 damage)
             ... on level 6 of the Dungeon.
             The game lasted 00:01:39 (182 turns).

kroki the Skirmisher (Vine Stalker Berserker)        Turns: 182, Time: 00:01:39

Health: 0/36       AC:  2    Str: 24    XL:     4   Next: 3%
Magic:  0/5        EV: 12    Int:  7    God:    Trog [*.....]
Gold:   0          SH:  0    Dex: 15    Spells: 0 memorised, 3 levels left

rFire  . . .     SeeInvis .     a - +0 hand axe
rCold  . . .     Clarity  .     b - +0 animal skin
rNeg   . . .     SustAb   .     (no shield)
rPois  .         Gourm    .     (no helmet)
rElec  .         Spirit   +     (no cloak)
rCorr  .         Warding  .     (no gloves)
rMut   .         Stasis   .     (no boots)
MR     .....                    (no amulet)
Stlth  ..........               (no ring)
                                (no ring)

@: berserking, very quick, not resistant to hostile enchantments, extremely
unstealthy
A: fangs 2, regeneration 1, magic shield, antimagic bite, no device heal 3, rot
immunity
a: Burn Spellbooks, Berserk, Renounce Religion


You were on level 6 of the Dungeon.
You worshipped Trog.
Trog was aware of your devotion.
You were not hungry.

You visited 1 branch of the dungeon, and saw 4 of its levels.

Inventory:

Hand weapons
 a - a +0 hand axe (weapon)
Armour
 b - a +0 animal skin (worn)
Scrolls
 e - a scroll of recharging {unknown}
 g - a scroll of noise {unknown}
Potions
 f - a potion of ambrosia {unknown}
Comestibles
 c - a bread ration
 d - a royal jelly


   Skills:
 + Level 3.2 Fighting
 + Level 3.1 Axes
 + Level 2.1 Armour
 + Level 2.1 Dodging


You had 3 spell levels left.
You didn't know any spells.


Innate Abilities, Weirdness & Mutations

You have extremely sharp teeth.
Your natural rate of healing is unusually fast.
When hurt, damage is shared between your health and your magic reserves.
Your bite disrupts and absorbs the magic of your enemies.
Potions and wands cannot restore your health.
You are immune to rotting.

Dungeon Overview and Level Annotations

Branches:
Dungeon (6/15)
 Temple: D:4-7

Altars:

Annotations:
D:3 exclusions: adder and gnoll

#### ###########.....
#.........l.#...
#...........# #.#.....#
# #...###.### #.#.l##
#...# #....## ###)###
#...#l.# #.@.#
#...###.# ###S# ##..
#.# #o### ... #.##
##o..# ....
#.l#####.##..#
......##...##...##....
.............lo$#......
......#.##.............
.... #. ###........?.


You could see an adder and 2 orcs.


Message History

Your experience leads to an increase in your attributes!
Your base attributes are Str 19, Int 7, Dex 13.
Increase (S)trength, (I)ntelligence, or (D)exterity?
You feel agile. The orc wizard hits you with a dagger.
* * * LOW HITPOINT WARNING * * *
You take 1 damage.
You slash the orc wizard!
You kill the orc wizard!
Trog accepts your kill.
Trog appreciates your killing of a magic user.
Your Fighting skill increases to level 3!
Your Axes skill increases to level 3!
Your Armour skill increases to level 2!
Your Dodging skill increases to level 2!
An orc comes into view. It is wielding a hand axe of venom.
You slash the adder!
You kill the adder!
Trog accepts your kill.
You have reached level 4!
You feel agile.
The orc moves out of view.
You swing at nothing.
You slice the orc!!
You kill the orc!
Trog accepts your kill.
You swing at nothing.
You slash the adder! Your bite misses the adder.
The adder is severely wounded.
The adder bites you.
You die...

Notes
Turn   | Place    | Note
--------------------------------------------------------------
     0 | D:1      | kroki, the Vine Stalker Berserker, began the quest for the Orb.
     0 | D:1      | Reached XP level 1. HP: 11/11 MP: 1/1
   106 | D:3      | Reached XP level 2. HP: 13/16 MP: 3/3
   137 | D:3      | You fall through a shaft for 3 floors!
   176 | D:6      | Reached XP level 3. HP: 3/19 MP: 4/4
   177 | D:6      | Reached skill level 3 in Fighting
   177 | D:6      | Reached skill level 3 in Axes
   178 | D:6      | Reached XP level 4. HP: 2/24 MP: 2/5
   182 | D:6      | Slain by an adder

Vanquished Creatures
  An orc wizard (D:6)
  A gnoll (D:6)
  An adder (D:6)
  A worm (D:3)
  3 orcs (D:6)
  2 bats (D:2)
  A kobold (D:3)
  A rat (D:3)
11 creatures vanquished.

Action                   |  1- 3 |  4- 6 || total
-------------------------+-------+-------++-------
Melee: Hand axe          |    14 |     2 ||    16
Invok: Berserk           |     2 |       ||     2

Vault maps used:
D:1:      minmay_arrival_shattered_statue
D:2:      uniq_sigmund, uniq_terence
D:3:      uniq_crazy_yiuf_cottage
D:6:      okawaru_ov_weapons_minmay
